 Dungeon Crawl Stone Soup version 0.26.1-11-gd32895ea62 (webtiles) character file.

Game seed: 17504135562286672231

86 tardwrangler69 the Poker (level 4, -6/35 HPs)
             Began as a Merfolk Gladiator on Apr 27, 2021.
             Killed from afar by Sigmund (11 damage)
             ... with a puff of flame
             ... on level 2 of the Dungeon.
             The game lasted 00:01:07 (1494 turns).

tardwrangler69 the Poker (Merfolk Gladiator)        Turns: 1494, Time: 00:01:08

Health: -6/35      AC:  4    Str: 15    XL:     4   Next: 49%
Magic:  4/4        EV: 14    Int:  7    God:
Gold:   90         SH:  0    Dex: 15    Spells: 3/3 levels left

rFire    . . .     SeeInvis .   a - +0 trident
rCold    . . .     Faith    .   (no shield)
rNeg     . . .     Spirit   .   b - +0 leather armour
rPois    .         Reflect  .   c - +0 helmet
rElec    .         Harm     .   (no cloak)
rCorr    .         Rampage  .   (no gloves)
Will     .....                  (no boots)
Stlth    +.........             (no amulet)
HPRegen  0.11/turn              (no ring)
MPRegen  0.09/turn              (no ring)

@: mighty
A: change form in water, swift swim, stealthy swim
a: no special abilities


You were on level 2 of the Dungeon.
You visited 1 branch of the dungeon, and saw 2 of its levels.

You collected 90 gold pieces.

Inventory:

Hand Weapons
 a - a +0 trident (weapon)
Missiles
 d - 3 throwing nets (quivered)
 j - 8 javelins
Armour
 b - a +0 leather armour (worn)
 c - a +0 helmet (worn)
Jewellery
 h - an uncursed ring of protection from fire {unknown}
Scrolls
 e - a scroll of fog {unknown}
 g - a scroll of immolation {unknown}
 i - 2 scrolls of identify {unknown}
 k - a scroll of remove curse {unknown}
 o - a scroll of teleportation {unknown}
Potions
 m - a potion of haste {unknown}
 n - a potion of heal wounds {unknown}


   Skills:
 + Level 3.1 Fighting
 * Level 6.1 Polearms
 - Level 2.0 Throwing
 + Level 4.8 Dodging


You had 3 spell levels left.
You didn't know any spells.
Your spell library was empty.

Dungeon Overview and Level Annotations

Branches:
Dungeon (2/15)

Altars:

Annotations:
D:2 Sigmund


Message History

No target in view!
No target in view!
No target in view!
Okay, then.
It was a potion of curing.
You feel better. Something hits you but does no damage.
It was a potion of might.
You feel very mighty all of a sudden. Something hits you.
You see here a jackal corpse.
You closely miss something. Something barely misses you.
You puncture something! Something hits you!
You closely miss something. You puncture something! Something hits you!
* * * LOW HITPOINT WARNING * * *
You closely miss something.
You hear a zap.
A puff of flame appears from out of thin air!
The puff of flame hits you!
You die...

#.# ###
#######.##### #..
............. #.#
######..#.### #.#
###..#.# ...
..#..#.# #.#
#.#..#.# #{#
#.#.##.# #@#
#.#..#.#.#
#.#######.##.#.#.#
#.#..........#.#.#
#.#.####'#####.#.#
#.#.##.........#.#
#.#.##.........#.#
#.#.##.........#.#
#>...'............
######.........#.#


There were no monsters in sight!

Vanquished Creatures
  A howler monkey (D:2)
  2 adders (D:2)
  2 dart slugs
  A leopard gecko (D:1)
  2 giant cockroaches
  A goblin (D:1)
  3 hobgoblins
  4 jackals (D:2)
  A bat (D:1)
  A frilled lizard (D:2)
  5 kobolds
  3 rats
26 creatures vanquished.

Notes
Turn   | Place    | Note
-------+----------+-------------------------------------------
     0 | D:1      | tardwrangler69 the Merfolk Gladiator began the quest for
                  | the Orb.
     0 | D:1      | Reached XP level 1. HP: 16/16 MP: 1/1
   408 | D:1      | Reached XP level 2. HP: 23/23 MP: 2/2
   541 | D:1      | Reached skill level 5 in Polearms
   769 | D:2      | Reached XP level 3. HP: 23/28 MP: 3/3
  1067 | D:2      | Reached skill level 6 in Polearms
  1067 | D:2      | Reached XP level 4. HP: 35/35 MP: 4/4
  1477 | D:2      | Noticed Sigmund
  1494 | D:2      | Killed from afar by Sigmund

Illustrated notes

Levels and vault maps discovered:
D:1:      dpeg_arrival_castle, layout_basic, serial_glass, glass_columns_c,
          glass_columns_b
D:2:      layout_basic, uniq_sigmund

Skill      XL: |  1  2  3 |
---------------+----------+-----
Polearms       | 5 6 |  6.1
Fighting       | 3 |  3.1
Throwing       | |  2.0
Dodging        | |  4.8

Action                   |  1- 3 |  4- 6 || total
-------------------------+-------+-------++-------
Melee: Trident           |    69 |    40 ||   109
  Use: Potion            |       |     2 ||     2
Armor: Leather armour    |    11 |     7 ||    18
Dodge: Dodged            |    39 |    21 ||    60
